 Dungeon Crawl Stone Soup version 0.25.1-8-g42b30a86e7 (webtiles) character file.

Game seed: 9258999451922934340

117 pokeman the Magician (level 4, -3/25 HPs)
             Began as a Deep Elf Wizard on Dec 15, 2020.
             Slain by a killer bee (8 damage)
             ... on level 3 of the Dungeon.
             The game lasted 00:05:37 (2842 turns).

pokeman the Magician (Deep Elf Wizard)              Turns: 2842, Time: 00:05:37

Health: -3/25      AC:  4    Str:  4    XL:     4   Next: 71%
Magic:  0/13       EV: 12    Int: 24    God:
Gold:   138        SH:  0    Dex: 13    Spells: 3/14 levels left

rFire    . . .     SeeInvis .   (no weapon)
rCold    . . .     Gourm    .   (no shield)
rNeg     . . .     Faith    .   e - +0 leather armour
rPois    .         Spirit   .   l - +0 helmet
rElec    .         Reflect  .   (no cloak)
rCorr    .         Harm     .   (no gloves)
MR       .....                  (no boots)
Stlth    ++........             (no amulet)
HPRegen  0.08/turn              (no ring)
MPRegen  0.13/turn              (no ring)

@: very slightly contaminated
A: no striking features
a: no special abilities


You were on level 3 of the Dungeon.
You were not hungry.

You visited 1 branch of the dungeon, and saw 3 of its levels.

You collected 138 gold pieces.

Inventory:

Missiles
 m - 25 bolts
Armour
 e - a +0 leather armour (worn)
 l - a +0 helmet (worn)
 q - a +0 buckler
Jewellery
 j - an uncursed ring of ice
Scrolls
 a - 2 scrolls of enchant armour {unknown}
 c - 2 scrolls of fear {unknown}
 f - a scroll of magic mapping {unknown}
 g - 3 scrolls of enchant weapon {unknown}
 h - 2 scrolls of identify {unknown}
 k - 2 scrolls of teleportation {unknown}
 p - a scroll of remove curse {unknown}
Potions
 i - 2 potions of curing
 n - a potion of heal wounds {unknown}
 o - a potion of mutation {unknown}
Comestibles
 b - 4 chunks of flesh
 d - 5 rations


   Skills:
 - Level 1.0 Fighting
 - Level 1.0 Armour
 + Level 2.9 Dodging
 - Level 2.4 Stealth
 * Level 5.8 Spellcasting
 + Level 2.3 Conjurations
 - Level 1.1 Summonings
 - Level 1.1 Translocations
 + Level 0.0 Air Magic
 - Level 1.0 Poison Magic


You had 3 spell levels left.
You knew the following spells:

 Your Spells              Type           Power        Failure   Level  Hunger
a - Magic Dart            Conj           ###.         5%          1    None
b - Mephitic Cloud        Conj/Pois/Air  ##......     26%         3    #......
c - Call Imp              Summ           ##......     14%         2    None
d - Blink                 Tloc           N/A          14%         2    None
e - Conjure Flame         Conj/Fire      ##......     26%         3    #......

Your spell library contained the following spells:

 Spells                   Type           Power        Failure   Level  Hunger
 Slow                     Hex            #.......     22%         2    None


Dungeon Overview and Level Annotations

Branches:
Dungeon (3/15)

Altars:
Ashenzari


Message History

The killer bee stings you!
* * * LOW HITPOINT WARNING * * *
A killer bee comes into view.
The killer bee is engulfed in noxious fumes.
The killer bee appears confused.
Unknown command.
It was a potion of curing.
You feel better. The killer bee misses you. The killer bee stings you!
* * * LOW HITPOINT WARNING * * *
Casting: Mephitic Cloud (extremely dangerous; 26% risk of failure)
Confirm with . or Enter, or press ? or * to list all spells.
The spell is extremely dangerous to cast (26% risk of failure)!
Continue anyway?
Aiming: Mephitic Cloud (extremely dangerous; 26% risk of failure)
Press: ? - help, Shift-Dir - straight line, f - killer bee, p - killer bee
Aim: a killer bee That beam is likely to hit you.
Continue anyway?
You miscast Mephitic Cloud.
Nothing appears to happen.
The killer bee buzzes angrily. x2
The killer bee barely misses you. The killer bee stings you!
You die...

#.# #.#.#.#. #.###
#######.#...#. .....
........<##.#.
#.#.#######.......#.
#.#.......##...####.
#y#.......##........
...####.........##...#####
....y...y##...............
....#..yy@....####...####.
+# #....y....).......#
#.........#####...#
#########.....#...#
.........#.#...#
...........#...##
................#
.#####..........###
#...............


You could see 6 killer bees.

Vanquished Creatures
  An orc priest (D:3)
  A gnoll (D:1)
  2 adders (D:2)
  4 dart slugs
  4 orcs (D:3)
  A ball python (D:3)
  7 bats
  2 giant cockroaches (D:2)
  8 goblins
  4 hobgoblins
  2 quokkas (D:2)
  2 frilled lizards
  5 kobolds
  8 rats
51 creatures vanquished.

Notes
Turn   | Place    | Note
-------+----------+-------------------------------------------
     0 | D:1      | pokeman the Deep Elf Wizard began the quest for the Orb.
     0 | D:1      | Reached XP level 1. HP: 10/10 MP: 7/7
   235 | D:1      | Reached XP level 2. HP: 16/16 MP: 2/9
   854 | D:1      | Reached skill level 5 in Spellcasting
   981 | D:1      | Reached XP level 3. HP: 20/20 MP: 3/11
  1233 | D:2      | Reached skill level 1 in Fighting
  1243 | D:2      | Learned a level 3 spell: Mephitic Cloud
  1246 | D:2      | Learned a level 2 spell: Call Imp
  1249 | D:2      | Learned a level 2 spell: Blink
  1253 | D:2      | Learned a level 3 spell: Conjure Flame
  1627 | D:2      | Reached skill level 1 in Armour
  1867 | D:2      | Found a shattered altar of Ashenzari.
  1932 | D:2      | Reached XP level 4. HP: 15/25 MP: 3/13
  2764 | D:3      | Reached skill level 1 in Poison Magic
  2840 | D:3      | HP: 1/25 [killer bee (9)]
  2842 | D:3      | Slain by a killer bee

Illustrated notes

Levels and vault maps discovered:
D:1:      nzn_arrival_settlement, layout_basic, chequers_mini_garden,
          palyth_stone_intersect, minmay_tetromino_o4
D:2:      layout_loops_cross, nicolae_ashenzari_panopticon,
          kennysheep_generic_room_13
D:3:      layout_basic

Skill      XL: |  1  2  3  4 |
---------------+-------------+-----
Spellcasting   | 5 |  5.8
Fighting       | 1 |  1.0
Armour         | 1 |  1.0
Conjurations   | 2 |  2.3
Poison Magic   | 1 |  1.0
Dodging        | |  2.9
Stealth        | |  2.4
Summonings     | |  1.1
Translocations | |  1.1

Action                   |  1- 3 |  4- 6 || total
-------------------------+-------+-------++-------
Melee: Unarmed           |     3 |     3 ||     6
 Cast: Magic Dart        |   101 |    31 ||   132
       Mephitic Cloud    |       |     2 ||     2
       Conjure Flame     |       |     1 ||     1
  Use: Potion            |       |     1 ||     1
  Eat: Chunk             |     3 |     3 ||     6
Armor: Leather armour    |    10 |     2 ||    12
Dodge: Dodged            |    12 |     8 ||    20
